 Dungeon Crawl Stone Soup version 0.29.1-15-g9cfb28693d (webtiles) character file.

Game seed: 321322569916258882

1820321 Vizrt the Conqueror (level 27, 266/266 HPs)
             Began as a Palentonga Fighter on Mar 31, 2023.
             Was a High Priest of Okawaru.
             Escaped with the Orb
             ... and 4 runes on Apr 1, 2023!
             The game lasted 06:00:06 (111102 turns).

Vizrt the Conqueror (Palentonga Fighter)          Turns: 111102, Time: 06:00:07

Health: 266/266    AC: 53    Str: 32    XL:     27
Magic:  34/34      EV:  7    Int:  5    God:    Okawaru [*****.]
Gold:   7479       SH: 20    Dex: 14    Spells: 26/36 levels left

rFire   + + .      SeeInvis +   b - +8 broad axe (freeze)
rCold   + . .      Faith    .   S - +5 kite shield "Ruor" {rElec rPois rN++ Int-4}
rNeg    + + .      Spirit   .   D - +12 gold dragon scales
rPois   +          Reflect  .   (no helmet)
rElec   +          Harm     .   x - scarf {repulsion}
rCorr   .          Rampage  .   Y - +2 pair of gloves {Str+3}
Will    ++...      Rage     3%  W - +4 barding {rF+}
Stlth   ..........              s - amulet of Vitality {RegenMP++ Regen++}
HPRegen 2.14/turn               r - +4 ring of protection
MPRegen 1.04/turn               g - +4 ring of protection

@: studying 2 skills, repel missiles
A: large, rugged brown scales 3, see invisible, deformed body, roll 1, armoured
tail, reflexive curl, berserk 1, dopey 1, inability to read after injury 1,
sturdy frame 1
0: Orb of Zot
}: 4/15 runes: serpentine, barnacled, slimy, silver
a: Rolling Charge, Renounce Religion, Heroism, Finesse, Duel


You escaped.
You worshipped Okawaru.
Okawaru was extremely pleased with you.
You visited 12 branches of the dungeon, and saw 56 of its levels.
You visited the Abyss 2 times.

You collected 8514 gold pieces.
You spent 1035 gold pieces at shops.

Inventory:

Hand Weapons
 a - a +9 broad axe of draining
 b - a +8 broad axe of freezing (weapon)
Missiles
 y - 7 throwing nets
Armour
 f - the -1 barding of the Boiling Point {-Tele Regen+ Int+5}
   (Okawaru gifted it to you on level 3 of the Vaults)

   Int:       It affects your intelligence (+5).
   -Tele:     It prevents most forms of teleportation.
   Regen:     It increases your rate of health regeneration.
 x - a scarf of repulsion (worn)
 D - +12 gold dragon scales (worn)
 I - the +2 helmet of Exclusion {rPois rC+ Str-3}
   (Okawaru gifted it to you on level 3 of the Crypt)

   Str:       It affects your strength (-3).
   rC:        It protects you from cold.
   rPois:     It protects you from poison.
 S - the +5 kite shield "Ruor" (worn) {rElec rPois rN++ Int-4}
   (Okawaru gifted it to you on level 2 of the Lair of Beasts)

   Int:       It affects your intelligence (-4).
   rElec:     It insulates you from electricity.
   rPois:     It protects you from poison.
   rN:        It greatly protects you from negative energy.
 U - the +5 scale mail "Cythre" {Will+++ MP+9 Str+4 Int-4}
   (You found it on level 3 of the Lair of Beasts)

   Str:       It affects your strength (+4).
   Int:       It affects your intelligence (-4).
   MP:        It affects your magic capacity (+9).
   Will:      It greatly increases your willpower.
 V - a scarf of resistance
 W - a +4 barding of fire resistance (worn)
 Y - a +2 pair of gloves of strength (worn)
Jewellery
 g - a +4 ring of protection (right hand)
 n - a ring of resist corrosion
 r - a +4 ring of protection (left hand)
 s - the amulet of Vitality (around neck) {RegenMP++ Regen++}
   (You took it off a deep elf annihilator on level 3 of the Elven Halls)

   [amulet of magic regeneration]

   It increases your rate of magic regeneration.
   Regen:     It increases your rate of health regeneration.
 t - a ring of fire
 N - a ring of protection from fire
 O - a ring of flight
 R - an amulet of reflection
 T - a ring of protection from cold
 Z - a ring of willpower
Wands
 v - a wand of roots (53)
 G - a wand of acid (31)
 L - a wand of mindburst (10)
Scrolls
 h - 15 scrolls of teleportation
 i - 10 scrolls of immolation
 j - a scroll of brand weapon
 o - a scroll of silence
 p - 3 scrolls of magic mapping
 w - 14 scrolls of fear
 P - 8 scrolls of blinking
Potions
 c - 6 potions of berserk rage
 d - 5 potions of might
 e - 10 potions of lignification
 k - 6 potions of ambrosia
 l - a potion of haste
 m - 5 potions of heal wounds
 q - 10 potions of brilliance
 u - 5 potions of magic
 z - 5 potions of flight
 A - 23 potions of curing
 F - 6 potions of invisibility
 J - 7 potions of cancellation
 K - 7 potions of attraction
 M - 5 potions of resistance
Miscellaneous
 B - a lightning rod (4/4)
 E - a tin of tremorstones (2/2)
 H - a phial of floods
 Q - a condenser vane


   Skills:
 O Level 27 Fighting
 - Level 18.0 Axes
 - Level 17.0 Armour
 - Level 10.4 Dodging
 + Level 20.3 Shields
 - Level 5.0 Spellcasting
 - Level 8.0 Translocations
 - Level 8.0 Transmutations
 - Level 8.5 Ice Magic
 - Level 9.0 Air Magic
 - Level 15.0 Invocations
 - Level 15.0 Evocations


You had 26 spell levels left.
You knew the following spells:

 Your Spells              Type           Power      Damage    Failure   Level
a - Wereblood             Tmut           9%         N/A       17%         2
m - Swiftness             Air            10%        N/A       22%         3
p - Blink                 Tloc           18%        N/A       17%         2
z - Ozocubu's Armour      Ice            9%         N/A       28%         3

Your spell library contained the following spells:

 Spells                   Type           Power      Damage    Failure   Level
 Freeze                   Ice            36%        1d6       10%         1
 Apportation              Tloc           18%        N/A       12%         1
 Beastly Appendage        Tmut           18%        N/A       12%         1
 Frozen Ramparts          Ice            18%        1d3       28%         3
 Gell's Gravitas          Tloc           9%         N/A       34%         3
 Lesser Beckoning         Tloc           9%         N/A       34%         3
 Teleport Other           Tloc           9%         N/A       34%         3
 Sting                    Tmut/Pois      20%        1d4       52%         1
 Poisonous Vapours        Pois/Air       10%        N/A       58%         2
 Ensorcelled Hibernation  Hex/Ice        10%        N/A       63%         2
 Ice Form                 Ice/Tmut       9%         N/A       71%         4
 Spider Form              Tmut/Pois      5%         N/A       87%         3
 Mephitic Cloud           Conj/Pois/Air  4%         N/A       95%         3
 Foxfire                  Conj/Fire      4%         2x1d4     97%         1
 Magic Dart               Conj           4%         1d3       97%         1
 Necrotise                Necr           4%         1d4       97%         1
 Ignite Poison            Fire/Tmut/Pois 3%         N/A       97%         3
 Manifold Assault         Tloc           9%         N/A       97%         5
 Searing Ray              Conj           2%         2d4       99%         2
 Sublimation of Blood     Necr           1%         N/A       99%         2
 Hailstorm                Conj/Ice       5%         3d4       99%         4
 Iskenderun's Mystic Bla  Conj/Tloc      5%         2d3       99%         4
 Petrify                  Tmut/Erth      5%         N/A       99%         4
 Conjure Flame            Conj/Fire      1%         6-21      100%        3
 Dazzling Flash           Conj/Hex       2%         N/A       100%        3
 Vampiric Draining        Necr           1%         2d6       100%        3
 Anguish                  Hex/Necr       0%         N/A       100%        4
 Corpse Rot               Necr/Pois/Air  4%         N/A       100%        4
 Dispel Undead            Necr           1%         3d6       100%        4
 Fulminant Prism          Conj/Hex       0%         3d6       100%        4
 Leda's Liquefaction      Hex/Erth       0%         N/A       100%        4
 Olgreb's Toxic Radiance  Pois           1%         N/A       100%        4
 Sticky Flame             Conj/Fire      1%         2d3       100%        4
 Agony                    Necr           1%         N/A       100%        5
 Alistair's Intoxication  Tmut/Pois      3%         N/A       100%        5
 Borgnjor's Vile Clutch   Necr/Erth      0%         N/A       100%        5
 Fireball                 Conj/Fire      0%         3d3       100%        5
 Freezing Cloud           Conj/Ice/Air   3%         6-21      100%        5
 Irradiate                Conj/Tmut      2%         3d12      100%        5
 Lee's Rapid Deconstruct  Erth           0%         3d5*      100%        5
 Conjure Ball Lightning   Conj/Air       2%         3x3d6     100%        6
 Dispersal                Tloc           4%         N/A       100%        6
 Eringya's Noxious Bog    Tmut/Pois      2%         N/A       100%        6
 Starburst                Conj/Fire      0%         6d3       100%        6
 Statue Form              Tmut/Erth      3%         N/A       100%        6
 Orb of Destruction       Conj           0%         9d5       100%        7
 Ozocubu's Refrigeration  Ice            4%         4d8       100%        7
 Storm Form               Tmut/Air       4%         N/A       100%        7
 Discord                  Hex            0%         N/A       100%        8
 Disjunction              Tloc           4%         N/A       100%        8
 Ignition                 Fire           0%         3d3       100%        8
 Necromutation            Tmut/Necr      2%         N/A       100%        8
 Fire Storm               Conj/Fire      0%         6d1       100%        9
 Summon Ice Beast         Ice/Summ       Unusable   N/A       N/A         4
 Summon Guardian Golem    Hex/Summ       Unusable   N/A       N/A         3
 Animate Dead             Necr           Unusable   N/A       N/A         4
 Death Channel            Necr           Unusable   N/A       N/A         6
 Simulacrum               Ice/Necr       Unusable   N/A       N/A         6
 Spellforged Servitor     Conj/Summ      Unusable   N/A       N/A         7

Dungeon Overview and Level Annotations

Branches:
Dungeon (15/15)            Temple (1/1) D:4            Lair (5/5) D:8
 Shoals (4/4) Lair:2        Snake (4/4) Lair:3        Slime (5/5) Lair:5
    Orc (2/2) D:11            Elf (3/3) Orc:2        Vaults (5/5) D:14
  Crypt (3/3) Vaults:3       Tomb (0/3) Crypt:3      Depths (4/4) D:15
    Zot (5/5) Depths:4

Altars:
Ashenzari
Cheibriados
Dithmenos
Elyvilon
Fedhas
Gozag
Hepliaklqana
Kikubaaqudgha
Makhleb
Nemelex Xobeh
Okawaru
Qazlal
Ru
Sif Muna
Trog
Uskayaw
Vehumet
Wu Jian
Xom
Yredelemnul
Zin
The Shining One
Jiyva

Shops:
D:12 *   Orc:2 ?*?(   Elf:1 ==:   Elf:2 [   Shoals:2 *   Snake:3 (   Vaults:3 [
Depths:1 *   Depths:2 [   Depths:4 :

Portals:
Hell: Depths:1 Depths:2 Depths:3 Depths:4
Abyss: Depths:3
Pandemonium: Depths:2
Ziggurat: Depths:3
Trove: D:10 (give 5 scrolls of blinking)

Annotations:
D:10 Trove - 5 Blink Scrolls
Vaults:1 2 transporters - Gold Dragon, DizzySkin's ghost, veteran MiBe; Palms's ghost, adept MfIE
Zot:1 4 transporters, 3 runed translucent doors, exclusion: 3 doors, reasonance's ghost, legendary DsFi


Innate Abilities, Weirdness & Mutations

You are completely covered in rugged brown scales. (AC +3, +7% HP)
You have supernaturally acute eyesight. (SInv)
Armour fits poorly on your strangely shaped body.
You can roll at nearby foes to attack.
You have a long armoured tail.
You curl defensively after being hit. (AC +7*)
You sometimes lose your temper in combat.
You are dopey. (Int -2)
You occasionally lose the ability to read scrolls when taking damage.
Your movements are slightly less encumbered by armour. (ER -2)


Message History

The tormentor is severely wounded.
You slice the shadow demon!! You freeze the shadow demon.
You block the tormentor's attack.
The tormentor hits you but does no damage.
You block the shadow demon's attack.
You hit the tormentor. You freeze the tormentor.
The tormentor is almost dead.
You slash the shadow demon!
You kill the shadow demon!
Okawaru accepts your kill.
The tormentor hits you but does no damage.
You block the tormentor's attack.
You slash the tormentor! You freeze the tormentor.
You kill the tormentor!
Okawaru accepts your kill.
You feel much better.
Aiming: Dig
Press: ? - help, Shift-Dir - straight line A rock wall.
This square is covered in magical glow.
The rock shatters into small pieces.
The now-empty wand crumbles to dust.
A ynoxinul comes into view.
The ynoxinul bellows!
The ynoxinul gestures at you. You block the iron shot.
The ynoxinul gestures at you. You block the iron shot.
You block the ynoxinul's attack. The ynoxinul gestures at you.
The iron shot hits you.
There is a stone staircase leading up here.
You climb upwards.
There is a stone staircase leading down here.
There is a stone staircase leading up here.
You climb upwards.
There is a stone staircase leading down here.
There is a staircase leading out of the dungeon here.
Okay, then.
You can't go down here!
You have escaped!

#...## ## ####....
#...#...♣ #)...
#...#PP..P #....
#.#.#.PPP #....
#.#.#♣PP♣♣. #....
#...#♣..... ###.#
#...#♣..P.P #....
#...#P.PP.P #.#.#
#.@.#PP.PP. #.#.)
#...#♣..PPP #.### ######
#[..#...P.. #....
.....##########...#PP..PP
####..
#.......#.......#.#....♣P
#^....
#.##.##.#.##....#.#P.♣♣P.
####..
#....##.#.##.##...#PPP...
#..
#..#.........##...#.P.PPP
##..
#.......#.#####...#######
#...


There were no monsters in sight!

Vanquished Creatures
  the Royal Jelly (Slime:5)
  4 dread liches
  An ancient lich (Crypt:3)
  10 orbs of fire
  Mara (Snake:4)
  2 juggernauts (Depths:2)
  3 Killer Klowns
  Parghit (Zot:1)
  2 caustic shrikes
  Vashnia (Snake:4)
  13 golden dragons
  Jory (Crypt:3)
  A profane servitor (Depths:1)
  A Tzitzimitl (Zot:4)
  17 tentacled monstrosities
  2 electric golems (Zot:5)
  29 Orb Guardians
  A walking crystal tome (Depths:3)
  6 titans
  6 liches
  6 quicksilver dragons
  Asterion (Snake:3)
  3 deep elf blademasters
  Rupert (D:12)
  2 walking divine tomes
  2 deep elf master archers (Elf:3)
  25 acid blobs
  A walking frostbound tome (Depths:3)
  The ghost of sizableburger the Arsonist, an adept NaFE of Ashenzari (Snake:2)
  14 death cobs
  6 ancient champions
  3 sphinxes (Vaults:4)
  5 tengu reavers
  15 shadow dragons
  17 storm dragons
  2 revenants
  5 nagarajas (Snake:4)
  The ghost of Brigand the Spry, an adept MfFi of Cheibriados (Shoals:2)
  Kirke (Snake:3)
  3 draconian knights
  2 demonspawn warmongers (D:13)
  12 rockslimes
  10 fire giants
  12 azure jellies
  7 deep elf sorcerers
  2 draconian monks
  2 balrugs
  8 frost giants
  23 vault wardens
  A ghost moth (Zot:1)
  Aizul (Snake:1)
  2 orc warlords (Vaults:2)
  2 deep elf elementalists
  4 draconian shifters
  2 curse skulls
  4 iron dragons
  A caustic shrike zombie (Crypt:3)
  4 ghouls (Crypt:1)
  4 draconian stormcallers
  3 reapers
  A draconian annihilator (Zot:4)
  A broodmother (shapeshifter) (Vaults:5)
  21 ironbound preservers
  3 draconian scorchers
  A juggernaut zombie (Crypt:3)
  A quicksilver ooze (shapeshifter) (Vaults:5)
  9 very ugly things
  3 war gargoyles
  12 quicksilver oozes
  2 spriggan defenders (Depths:2)
  19 stone giants
  8 ironbound thunderhulks
  28 vampire knights
  12 deep elf demonologists
  A caustic shrike skeleton (Crypt:1)
  9 green draconians
  7 white draconians
  7 black draconians
  An entropy weaver (Vaults:4)
  13 deep elf annihilators
  10 dire elephants
  6 purple draconians
  4 red draconians
  4 eidola
  10 deep elf death magi
  4 yellow draconians
  A crystal guardian (Vaults:2)
  Snorg (D:11)
  6 spark wasps
  A blizzard demon (D:13)
  A mummy priest (Crypt:1)
  6 merfolk impalers
  8 deep elf high priests
  7 ettins
  10 fire dragons
  22 jiangshi
  9 great orbs of eyes
  3 merfolk javelineers
  6 rakshasas
  Harold (Lair:2)
  5 salamander tyrants
  A spriggan zombie (Crypt:1)
  A fenstrider witch zombie (Crypt:1)
  15 yaktaur captains
  Fannar (Lair:3)
  6 hydras
  9 ice dragons
  4 boulder beetles
  33 vault guards
  3 peacekeepers
  An Orb Guardian zombie (Crypt:3)
  An alligator snapping turtle (Shoals:3)
  5 anacondas
  A jorogumo (shapeshifter) (Depths:3)
  A fenstrider witch skeleton (Crypt:3)
  3 ogre magi
  4 merfolk aquamancers
  16 naga warriors
  11 two-headed ogres
  Erica (D:7)
  11 ironbound frosthearts
  2 merfolk avatars
  2 death knights
  A two-headed ogre (shapeshifter) (Elf:2)
  A catoblepas (Lair:5)
  A death yak (shapeshifter) (Vaults:5)
  16 centaur warriors
  A spectral stone giant (Crypt:1)
  24 vampire magi
  5 death yaks
  11 deep troll earth magi
  6 deep troll shamans
  5 tengu warriors
  9 spriggan berserkers
  33 dancing weapons
  15 naga sharpshooters
  4 orc high priests
  A thrashing horror (Shoals:2)
  3 soul eaters
  12 hell knights
  5 shock serpents
  Sonja (D:11)
  Nergalle (D:11)
  16 deep elf knights
  3 shadow wraiths
  18 sea snakes
  4 salamander mystics
  5 iron trolls
  3 sixfirhies
  A shadow demon (D:3)
  43 skeletal warriors
  A golden dragon zombie (Crypt:2)
  6 naga ritualists
  A titan skeleton (Crypt:1)
  75 deep trolls
  3 flayed ghosts
  A bog body (Crypt:1)
  2 sea snakes (shapeshifter) (Vaults:5)
  2 glowing orange brains
  3 deep elf archers
  16 ironbound convokers
  A tengu zombie (Vaults:1)
  19 harpies
  29 deep elf pyromancers
  8 lindwurms
  Pikel (D:7)
  11 orc knights
  3 mana vipers (Snake:1)
  10 necromancers
  10 wizards
  31 phantasmal warriors
  28 deep elf zephyrmancers
  5 shining eyes
  9 fauns
  8 orc sorcerers
  A salamander (shapeshifter) (D:13)
  An iron dragon zombie (Crypt:3)
  A spectral ice dragon (Crypt:1)
  21 manticores
  A fire giant skeleton (Vaults:2)
  9 elephants
  32 ugly things
  25 moths of wrath
  A faun (shapeshifter) (Depths:3)
  9 cyclopes
  A molten gargoyle (Depths:3)
  A sphinx skeleton (Vaults:2)
  A guardian serpent (Snake:3)
  13 salamanders
  2 centaur zombies (Crypt:3)
  2 elf zombies (Vaults:2)
  6 eyes of devastation
  39 black mambas
  8 merfolk sirens
  17 vault sentinels
  A torpor snail (Lair:5)
  Maurice (D:8)
  13 naga magi
  An unseen horror (D:11)
  A torpor snail (shapeshifter) (Vaults:5)
  Maggie (D:8)
  A gargoyle (D:12)
  A dire elephant skeleton (Crypt:3)
  2 centaur skeletons
  An emperor scorpion simulacrum (Crypt:1)
  2 orange demons (Depths:2)
  11 water nymphs
  15 cane toads
  2 smoke demons (Depths:2)
  54 yaktaurs
  7 komodo dragons
  3 freezing wraiths
  7 rime drakes
  2 tormentors
  An efreet (D:14)
  5 tengu conjurers
  2 human skeletons
  A yaktaur skeleton (Vaults:2)
  A hellwing (Zot:1)
  6 wind drakes
  A pale draconian skeleton (Crypt:3)
  An unseen horror skeleton (Crypt:3)
  11 trolls
  5 harpy zombies
  A troll (shapeshifter) (Depths:1)
  34 merfolk
  A purple draconian skeleton (Crypt:3)
  A sphinx simulacrum (Vaults:2)
  109 slime creatures
  11 polar bears
  5 hornets
  2 raiju (Lair:5)
  A harpy skeleton (Crypt:2)
  15 blink frogs
  An ettin zombie (Crypt:1)
  A snapping turtle (shapeshifter) (Vaults:5)
  23 dream sheep
  A stone giant simulacrum (Vaults:2)
  11 snapping turtles
  4 flying skulls (Crypt:3)
  3 shadows
  2 air elementals (Elf:2)
  A satyr skeleton (Crypt:3)
  2 spriggans (Depths:4)
  2 vampires (Crypt:2)
  3 centaur simulacra
  2 humans (Snake:3)
  17 wraiths
  A yak (shapeshifter) (Vaults:5)
  6 wyverns
  4 fire bats (Depths:3)
  14 water elementals
  An elf simulacrum (Vaults:1)
  A hog (Snake:3)
  88 yaks
  6 basilisks
  A fire elemental (Elf:2)
  2 golden eyes (shapeshifter)
  4 golden eyes (Slime:5)
  A redback (shapeshifter) (D:14)
  3 elf skeletons
  10 vampire mosquitoes
  9 wargs
  A harpy simulacrum (Crypt:1)
  A deep troll zombie (Crypt:3)
  A faun zombie (Crypt:1)
  A swamp worm (shapeshifter) (Depths:1)
  39 nagas
  A naga zombie (Crypt:3)
  5 acid dragons
  13 water moccasins
  2 glowing shapeshifter skeletons
  15 hell hounds (Lair:5)
  A floating eye (shapeshifter) (Vaults:4)
  A hornet zombie (D:15)
  2 ice beasts (D:5)
  A floating eye (Slime:5)
  18 orc warriors
  A naga skeleton (Crypt:1)
  8 ogres
  28 wolves
  A boggart (Vaults:4)
  11 black bears (Lair:5)
  A golden eye zombie (Crypt:2)
  A centaur (D:9)
  A lemure (D:7)
  3 kobold brigands
  3 phantoms
  A fire crab zombie (Crypt:3)
  A gnoll sergeant (D:7)
  10 bullfrogs
  3 necrophages (Crypt:1)
  An earth elemental (Elf:2)
  19 wights
  A raiju zombie (Crypt:3)
  8 killer bees
  An electric eel (Elf:3)
  5 howler monkeys
  A spriggan skeleton (Crypt:1)
  A wolf zombie (Crypt:1)
  Crazy Yiuf (D:2)
  18 orc priests
  2 jellies (D:5)
  2 gnoll boudas
  3 hounds
  A black bear skeleton (Crypt:1)
  5 iguanas
  28 orc wizards
  Natasha (thrice) (D:4)
  A boggart skeleton (Crypt:2)
  A tengu skeleton (Crypt:2)
  A howler monkey skeleton (Crypt:1)
  Robin (D:2)
  7 adders
  15 gnolls
  A swamp drake zombie (Crypt:2)
  2 shadow imps
  A white imp (D:7)
  An ufetubus (D:4)
  A lava snake zombie (Crypt:1)
  An adder zombie (Crypt:2)
  A dart slug (D:2)
  55 orcs
  6 ball pythons
  5 bats
  6 endoplasms
  5 giant cockroaches
  21 goblins
  6 hobgoblins
  5 jackals
  A quokka (D:5)
  A ball python (shapeshifter) (Vaults:5)
  A ball python zombie (Crypt:2)
  3 frilled lizards
  22 kobolds
  4 rats
  A butterfly (Lair:3)
  A fire vortex (Depths:3)
  A toadstool (D:1)
2478 creatures vanquished.

Vanquished Creatures (others)
  2 fire giants
  A reaper (D:13)
  A deep elf knight (Elf:2)
  A deep elf pyromancer (Elf:1)
  2 water elementals (Depths:3)
  A naga (Snake:4)
  An orc wizard (D:12)
  24 fungi
  117 plants
  3 toadstools (D:1)
153 creatures vanquished.

Grand Total: 2631 creatures vanquished

Notes
Turn   | Place    | Note
-------+----------+-------------------------------------------
     0 | D:1      | Vizrt the Palentonga Fighter began the quest for the Orb.
     0 | D:1      | Reached XP level 1. HP: 19/19 MP: 1/1
   137 | D:1      | Reached XP level 2. HP: 25/25 MP: 2/2
   877 | D:2      | Reached XP level 3. HP: 31/31 MP: 3/3
  1049 | D:2      | Noticed Robin
  1059 | D:2      | Killed Robin
  1084 | D:2      | Reached XP level 4. HP: 27/37 MP: 4/4
  1787 | D:2      | Found a runed translucent door.
  1788 | D:2      | Noticed Crazy Yiuf
  1795 | D:2      | Killed Crazy Yiuf
  2199 | D:3      | Found a faded altar of an unknown god.
  2248 | D:3      | Identified the +2 mace of Nekhla {speed, rElec rPois rF-}
  2249 | D:3      | Reached skill level 5 in Axes
  2727 | D:3      | Reached XP level 5. HP: 43/43 MP: 5/5
  3081 | D:3      | Found a shimmering altar of Xom.
  3353 | D:4      | Noticed an ogre
  3680 | D:4      | Found a staircase to the Ecumenical Temple.
  3681 | D:4      | Found a shadowy altar of Dithmenos.
  3687 | Temple   | Entered the Ecumenical Temple
  3987 | Temple   | Became a worshipper of Warmaster Okawaru
  4069 | D:4      | Found an ancient bone altar of Kikubaaqudgha.
  4156 | D:4      | You fall into a shaft and drop 3 floors!
  4273 | D:6      | Reached XP level 6. HP: 38/50 MP: 6/6
  4397 | D:6      | Identified the +11 mace of Xewnum Ehe {drain, Will+ Dex+2}
  4508 | D:6      | Reached * piety under Okawaru
  4803 | D:6      | Gained mutation: You curl defensively after being hit. (AC
                  | +7*) [Palentonga growth]
  4803 | D:6      | Reached XP level 7. HP: 54/55 MP: 4/7
  4908 | D:5      | Entered Level 5 of the Dungeon
  5134 | D:5      | Reached ** piety under Okawaru
  5219 | D:5      | Found a blossoming altar of Fedhas.
  5235 | D:5      | Reached XP level 8. HP: 58/62 MP: 6/8
  5246 | D:5      | Reached skill level 10 in Axes
  5501 | D:4      | Noticed Natasha
  5507 | D:4      | Killed Natasha
  5548 | D:4      | Noticed Natasha
  5559 | D:4      | Killed Natasha
  5758 | D:4      | Noticed Natasha
  5763 | D:4      | Killed Natasha
  6275 | D:5      | Found an ornate altar of the Wu Jian Council.
  6282 | D:5      | Found a hide-covered altar of Uskayaw.
  6648 | D:5      | Reached *** piety under Okawaru
  8132 | D:7      | Reached XP level 9. HP: 58/67 MP: 9/9
  8310 | D:7      | Paralysed by a hornet for 2 turns
  8904 | D:8      | Noticed Maggie
  8904 | D:8      | Noticed Maurice
  8972 | D:7      | HP: 1/67 [killer bee (5)]
  9568 | D:8      | Noticed Erica
 10155 | D:7      | Killed Erica
 10441 | D:7      | Reached **** piety under Okawaru
 10505 | D:7      | Reached XP level 10. HP: 36/74 MP: 10/10
 11163 | D:8      | Reached skill level 15 in Axes
 11255 | D:8      | Killed Maggie
 11520 | D:8      | Killed Maurice
 11520 | D:8      | Reached ***** piety under Okawaru
 11700 | D:8      | Found a staircase to the Lair.
 11993 | D:8      | Noticed Pikel
 12011 | D:7      | Killed Pikel
 13062 | Lair:1   | Entered Level 1 of the Lair of Beasts
 13350 | D:8      | Reached XP level 11. HP: 71/81 MP: 13/13
 13417 | D:8      | Identified the +1 barding "Raylail" {+Inv rElec rPois
                  | Will-} (Okawaru gifted it to you on level 8 of the Dungeon)
 13417 | D:8      | Received a gift from Okawaru
 13418 | D:8      | Reached skill level 4 in Fighting
 14481 | Lair:1   | Reached skill level 5 in Fighting
 14484 | Lair:1   | Reached skill level 5 in Invocations
 15961 | Lair:1   | Reached skill level 5 in Shields
 15969 | Lair:1   | Reached skill level 5 in Armour
 16084 | Lair:2   | Reached skill level 6 in Fighting
 16352 | Lair:2   | Received a gift from Okawaru
 16368 | Lair:2   | Reached XP level 12. HP: 46/95 MP: 17/17
 16604 | Lair:2   | Noticed Harold
 16732 | Lair:2   | Identified the +5 kite shield "Ruor" {rElec rPois rN++
                  | Int-4} (Okawaru gifted it to you on level 2 of the Lair of
                  | Beasts)
 16732 | Lair:2   | Received a gift from Okawaru
 17033 | Lair:2   | Reached skill level 7 in Fighting
 17271 | Lair:2   | Killed Harold
 17771 | Lair:2   | Found a staircase to the Shoals.
 18221 | Lair:3   | Noticed Fannar
 18241 | Lair:3   | Killed Fannar
 18618 | Lair:3   | Identified the +5 scale mail "Cythre" {Will+++ MP+9 Str+4
                  | Int-4}
 18810 | Lair:3   | Noticed a five-headed hydra
 18867 | Lair:3   | Killed a three-headed hydra
 19240 | Lair:3   | You fall into a shaft and drop 2 floors!
 19240 | Lair:5   | Entered Level 5 of the Lair of Beasts
 19626 | Lair:5   | Noticed a four-headed hydra
 19640 | Lair:5   | Killed a one-headed hydra
 19646 | Lair:5   | Reached ****** piety under Okawaru
 19738 | Lair:5   | Noticed a death yak
 19742 | Lair:5   | Noticed a death yak
 19742 | Lair:5   | Noticed a death yak
 19742 | Lair:5   | Noticed a death yak
 19743 | Lair:5   | Noticed a death yak
 20087 | Lair:4   | Reached skill level 10 in Shields
 20099 | Lair:4   | Noticed an eight-headed hydra
 20120 | Lair:4   | Killed a five-headed hydra
 20209 | Lair:4   | Found an opulent altar of Gozag.
 20251 | Lair:4   | Received a gift from Okawaru
 20399 | Lair:4   | Reached XP level 13. HP: 102/102 MP: 19/19
 20832 | Lair:3   | Reached skill level 8 in Fighting
 21019 | Lair:3   | Found a staircase to the Snake Pit.
 21624 | Lair:3   | Found a staircase to the Snake Pit.
 22512 | Lair:5   | Received a gift from Okawaru
 22663 | Lair:5   | Found a staircase to the Slime Pits.
 23143 | Lair:5   | Reached skill level 9 in Fighting
 24246 | Lair:5   | Found a staircase to the Slime Pits.
 24673 | Lair:5   | Reached XP level 14. HP: 80/116 MP: 20/20
 24833 | Lair:5   | Reached skill level 10 in Fighting
 25237 | Lair:5   | Identified the +2 mace of the Pit {flame, rC+ Dex+4}
 25392 | Lair:5   | Received a gift from Okawaru
 26403 | D:9      | Found a transporter.
 26471 | D:9      | Found a transporter.
 26662 | D:9      | Found a transporter.
 26666 | D:9      | Found a transporter.
 26837 | D:9      | Found a transporter.
 26884 | D:9      | Found a transporter.
 27174 | D:9      | Found a transporter.
 27225 | D:10     | Entered Level 10 of the Dungeon
 27392 | D:10     | Found a blossoming altar of Fedhas.
 27393 | D:10     | Found a snail-covered altar of Cheibriados.
 27872 | D:10     | Found a portal to a secret trove of treasure.
 28287 | D:11     | Received a gift from Okawaru
 28564 | D:11     | Noticed Nergalle
 28567 | D:11     | Killed Nergalle
 28637 | D:11     | Noticed Snorg
 28637 | D:11     | Noticed Sonja
 28644 | D:11     | Killed Snorg
 28645 | D:11     | Killed Sonja
 28964 | D:11     | Found a staircase to the Orcish Mines.
 29325 | Orc:1    | Entered Level 1 of the Orcish Mines
 29616 | Orc:2    | Entered Level 2 of the Orcish Mines
 30934 | Orc:2    | Found a staircase to the Elven Halls.
 30966 | Orc:2    | Identified the +7 war axe "Ecvumog" {elec, rF- rC- rN+
                  | Int+7 Dex+2} (Okawaru gifted it to you on level 2 of the
                  | Orcish Mines)
 30966 | Orc:2    | Received a gift from Okawaru
 30987 | Orc:2    | Reached XP level 15. HP: 27/123 MP: 21/21
 31419 | Orc:2    | Found Daen's Weapon Emporium.
 31419 | Orc:2    | Found Vuis's Magic Scroll Boutique.
 31421 | Orc:2    | Found Syokhlafymu's Magic Scroll Emporium.
 31421 | Orc:2    | Found Notzuqept's General Store.
 31864 | D:12     | Found Xuitekh's Overcharged Wands.
 32115 | D:12     | Noticed Rupert
 32129 | D:12     | Killed Rupert
 32619 | D:13     | Identified the +3 helmet of Qoen {Rampage rC- Will- Str+6}
                  | (Okawaru gifted it to you on level 13 of the Dungeon)
 32619 | D:13     | Received a gift from Okawaru
 33015 | D:13     | Reached skill level 1 in Evocations
 33514 | D:14     | Reached skill level 11 in Fighting
 34207 | D:14     | Found a gate to the Vaults.
 34234 | D:15     | Entered Level 15 of the Dungeon
 34309 | D:15     | Reached skill level 10 in Invocations
 35300 | D:15     | Found a staircase to the Depths.
 35662 | Snake:1  | Entered Level 1 of the Snake Pit
 35873 | Snake:1  | Received a gift from Okawaru
 35891 | Snake:1  | Reached XP level 16. HP: 105/135 MP: 12/23
 36086 | Snake:1  | Reached skill level 12 in Fighting
 36239 | Snake:1  | Reached skill level 5 in Evocations
 36263 | Snake:1  | Noticed Aizul
 36281 | Snake:1  | Killed Aizul
 36527 | Snake:1  | Found a broken altar of Ashenzari.
 36553 | Snake:1  | Got Unugica's Folio of Congelation
 36991 | Snake:2  | Identified the ring of Koepynor {Ice rPois}
 37008 | Snake:2  | Found a bloodstained altar of Trog.
 37009 | Snake:2  | Noticed sizableburger's ghost (adept NaFE)
 37009 | Snake:2  | Found a transporter.
 37028 | Snake:2  | Found a transporter.
 37134 | Snake:2  | Received a gift from Okawaru
 37134 | Snake:2  | Found the +7 Kryia's mail coat {PotionHeal*2 rC+}
 37658 | Snake:3  | Found Cyokef's Weapon Boutique.
 37727 | Snake:3  | Noticed Kirke
 37731 | Snake:3  | Killed Kirke
 38260 | Snake:3  | Reached skill level 1 in Dodging
 38427 | Snake:3  | Noticed Asterion
 38586 | Snake:3  | Killed Asterion
 38887 | Snake:4  | Entered Level 4 of the Snake Pit
 39449 | Snake:4  | Noticed Vashnia
 39759 | Snake:4  | Killed Vashnia
 40116 | Snake:4  | Identified the +1 hand axe "Cimeug" {freeze, rCorr}
                  | (Okawaru gifted it to you on level 4 of the Snake Pit)
 40116 | Snake:4  | Received a gift from Okawaru
 40763 | Snake:4  | Noticed Mara
 40785 | Snake:4  | Noticed Vizrt's illusion
 40867 | Snake:4  | Noticed Vizrt's illusion
 40976 | Snake:4  | Noticed Vizrt's illusion
 41014 | Snake:4  | Killed Mara
 41015 | Snake:4  | Reached skill level 13 in Fighting
 41015 | Snake:4  | Reached XP level 17. HP: 27/135 MP: 25/25
 41893 | Snake:4  | Received a gift from Okawaru
 42192 | Snake:4  | Reached skill level 5 in Dodging
 42552 | Snake:4  | Got a serpentine rune of Zot
 42721 | Shoals:1 | Entered Level 1 of the Shoals
 42858 | Shoals:1 | Identified the +1 pair of boots of the Cobbler {rN+}
 43157 | Shoals:1 | Identified the +1 robe of Dishonour {+Inv rN+} (Okawaru
                  | gifted it to you on level 1 of the Shoals)
 43157 | Shoals:1 | Received a gift from Okawaru
 43375 | Shoals:1 | Reached skill level 10 in Armour
 43464 | Shoals:1 | Reached skill level 14 in Fighting
 44669 | Shoals:2 | Found Hodul's Assorted Antiques.
 45251 | Shoals:3 | Found a transporter.
 45345 | Shoals:3 | Found a transporter.
 45519 | Shoals:3 | Reached skill level 15 in Fighting
 45520 | Shoals:3 | Identified the +3 scale mail of Lalixt {rF+ Int+2} (Okawaru
                  | gifted it to you on level 3 of the Shoals)
 45520 | Shoals:3 | Received a gift from Okawaru
 45855 | Shoals:3 | Noticed Brigand's ghost (adept MfFi)
 46311 | Abyss:3  | Cast into level 3 of the Abyss (Brigand's ghost)
 46325 | Shoals:3 | Escaped the Abyss
 46353 | Shoals:2 | Killed Brigand's ghost
 46889 | Shoals:3 | Identified the +0 helmet of Enormous Music {rPois}
 46927 | Shoals:4 | Entered Level 4 of the Shoals
 47900 | Shoals:4 | Reached XP level 18. HP: 159/159 MP: 27/27
 48622 | Shoals:4 | Reached skill level 15 in Shields
 48885 | Shoals:4 | Identified the +8 rapier "Jyikh" {protect, rPois Int+7}
 49207 | Shoals:4 | Got a barnacled rune of Zot
 49229 | Shoals:4 | Identified the ring "Kyteuhaa" {*Slow rF++ rN+ Dex+4}
 49312 | Shoals:4 | Identified the +1 pair of gloves "Qiusimihen" {*Slow Str+2
                  | Dex+3} (Okawaru gifted it to you on level 4 of the Shoals)
 49312 | Shoals:4 | Received a gift from Okawaru
 50020 | Orc:2    | Bought a potion of heal wounds for 70 gold pieces
 50041 | Elf:1    | Entered Level 1 of the Elven Halls
 50484 | Elf:1    | Identified the +11 shortbow of Iraywkok {vorpal, rElec rC+
                  | rCorr}
 50939 | Elf:1    | Found Fipnuted's Jewellery Shop.
 50941 | Elf:1    | Found Deaptyuz's Book Emporium.
 50942 | Elf:1    | Found Xaprilyl's Jewellery Shop.
 51074 | Elf:1    | Reached skill level 16 in Fighting
 51526 | Elf:2    | Paralysed by an air elemental for 1 turns
 51643 | Elf:2    | Identified the +12 hand axe of Devouring Quick Death
                  | {drain, Will- Str+5 Int+3} (Okawaru gifted it to you on
                  | level 2 of the Elven Halls)
 51643 | Elf:2    | Received a gift from Okawaru
 52393 | Elf:2    | Found Iffakh's Armour Shoppe.
 52440 | Elf:2    | Reached skill level 17 in Fighting
 52618 | Elf:2    | Found a huge runed translucent gate.
 52618 | Elf:2    | Found a huge runed translucent gate.
 52618 | Elf:2    | Found a huge runed translucent gate.
 52618 | Elf:2    | Found a huge runed translucent gate.
 52618 | Elf:2    | Found a huge runed translucent gate.
 53051 | Elf:2    | Received a gift from Okawaru
 53235 | Elf:2    | Reached XP level 19. HP: 160/172 MP: 28/28
 53623 | Elf:3    | Entered Level 3 of the Elven Halls
 54572 | Elf:3    | Identified the +0 robe of the Black Moon {+Blink rPois rC++
                  | Slay+3}
 54641 | Elf:3    | Received a gift from Okawaru
 55060 | Elf:3    | Reached skill level 18 in Fighting
 55180 | Elf:3    | Identified the +9 dagger of Ranive {flame, rCorr Int+3}
 55496 | Elf:3    | Identified the +6 chain mail "Kocot" {-Cast rPois rC-
                  | Str+4}
 55553 | Elf:3    | Identified the +9 mace of Dominance {freeze, rF+ Dex+4
                  | Stlth+}
 55553 | Elf:3    | Identified the amulet of Pride {Rampage Regen+ Dex+3
                  | Stlth-}
 56272 | Elf:3    | Identified the +10 dagger of Abuse {spect, rElec rF+ Str+2}
 56403 | Elf:3    | Got Sif Muna's Handbook of the Storm
 56405 | Elf:3    | Identified the +4 arbalest of the People {freeze, Int+4}
 56427 | Elf:3    | Identified the +2 scale mail of Yesterday {rPois rC- rCorr
                  | Int+5}
 56937 | Vaults:1 | Entered Level 1 of the Vaults
 57533 | Vaults:1 | Identified the +1 plate armour of the Queen {rElec Str+2}
                  | (Okawaru gifted it to you on level 1 of the Vaults)
 57533 | Vaults:1 | Received a gift from Okawaru
 57610 | Vaults:1 | Found a transporter.
 57613 | Vaults:1 | Noticed a golden dragon
 57616 | Vaults:1 | Noticed DizzySkin's ghost (veteran MiBe)
 57616 | Vaults:1 | Noticed Palms's ghost (adept MfIE)
 57630 | Vaults:1 | Identified the ring "Luon" {rF- rC+ Will+ Stlth+}
 57636 | Vaults:1 | Found a transporter.
 58081 | Vaults:1 | Reached XP level 20. HP: 149/184 MP: 29/29
 58597 | Vaults:1 | Identified the ring of Contentment {rC+ rCorr Dex+4}
 58838 | Vaults:2 | Identified the +4 executioner's axe of the New World {holy,
                  | +Blink rElec rCorr Str-2} (Okawaru gifted it to you on
                  | level 2 of the Vaults)
 58838 | Vaults:2 | Received a gift from Okawaru
 59193 | Vaults:2 | Reached skill level 10 in Evocations
 59932 | Vaults:2 | Reached skill level 19 in Fighting
 60568 | Vaults:2 | Received a gift from Okawaru
 61596 | Vaults:2 | Identified the +2 ring mail "Mocah" {rF+ Will- Slay+3}
 61966 | Vaults:3 | Received a gift from Okawaru
 62734 | Vaults:3 | Reached skill level 20 in Fighting
 62874 | Vaults:3 | Identified the -1 barding of the Boiling Point {-Tele
                  | Regen+ Int+5} (Okawaru gifted it to you on level 3 of the
                  | Vaults)
 62874 | Vaults:3 | Received a gift from Okawaru
 62890 | Vaults:3 | Reached XP level 21. HP: 153/195 MP: 30/30
 63482 | Vaults:3 | Found a staircase to the Crypt.
 63667 | Vaults:3 | Reached skill level 15 in Armour
 63827 | Vaults:3 | Found Xesy's Armour Boutique.
 64343 | Vaults:4 | Received a gift from Okawaru
 64820 | Vaults:4 | Found a huge runed gate.
 64820 | Vaults:4 | Found a huge runed gate.
 64820 | Vaults:4 | Found a huge runed gate.
 64820 | Vaults:4 | Found a huge runed gate.
 64820 | Vaults:4 | Found a huge runed gate.
 64821 | Vaults:4 | Found a huge runed gate.
 64821 | Vaults:4 | Found a huge runed gate.
 64821 | Vaults:4 | Found a huge runed gate.
 64821 | Vaults:4 | Found a huge runed gate.
 64823 | Vaults:4 | Found a huge runed gate.
 64823 | Vaults:4 | Found a huge runed gate.
 64823 | Vaults:4 | Found a huge runed gate.
 64823 | Vaults:4 | Found a huge runed gate.
 64823 | Vaults:4 | Found a huge runed gate.
 64823 | Vaults:4 | Found a huge runed gate.
 64824 | Vaults:4 | Found a huge runed gate.
 64825 | Vaults:4 | Found a huge runed gate.
 64847 | Vaults:4 | Found a huge runed gate.
 64899 | Vaults:4 | Found a huge runed gate.
 64899 | Vaults:4 | Found a huge runed gate.
 64899 | Vaults:4 | Found a huge runed gate.
 64899 | Vaults:4 | Found a huge runed gate.
 64899 | Vaults:4 | Found a huge runed gate.
 64899 | Vaults:4 | Found a huge runed gate.
 64900 | Vaults:4 | Found a huge runed gate.
 64901 | Vaults:4 | Found a huge runed gate.
 64902 | Vaults:4 | Found a huge runed gate.
 64910 | Vaults:4 | Found a huge runed gate.
 64910 | Vaults:4 | Found a huge runed gate.
 64910 | Vaults:4 | Found a huge runed gate.
 64910 | Vaults:4 | Found a huge runed gate.
 64910 | Vaults:4 | Found a huge runed gate.
 64910 | Vaults:4 | Found a huge runed gate.
 64911 | Vaults:4 | Found a huge runed gate.
 64912 | Vaults:4 | Found a huge runed gate.
 64913 | Vaults:4 | Found a huge runed gate.
 65657 | Vaults:4 | Identified the -1 helmet of Noon {Str+3 Stlth+} (Okawaru
                  | gifted it to you on level 4 of the Vaults)
 65657 | Vaults:4 | Received a gift from Okawaru
 65843 | Vaults:4 | Found a huge runed gate.
 65844 | Vaults:4 | Found a huge runed gate.
 65845 | Vaults:4 | Found a huge runed gate.
 65858 | Vaults:4 | Found a huge runed gate.
 65858 | Vaults:4 | Found a huge runed gate.
 65858 | Vaults:4 | Found a huge runed gate.
 65858 | Vaults:4 | Found a huge runed gate.
 65858 | Vaults:4 | Found a huge runed gate.
 65858 | Vaults:4 | Found a huge runed gate.
 65859 | Vaults:4 | Found a huge runed gate.
 65860 | Vaults:4 | Found a huge runed gate.
 65861 | Vaults:4 | Found a huge runed gate.
 65869 | Vaults:4 | Found a huge runed gate.
 65869 | Vaults:4 | Found a huge runed gate.
 65869 | Vaults:4 | Found a huge runed gate.
 65869 | Vaults:4 | Found a huge runed gate.
 65869 | Vaults:4 | Found a huge runed gate.
 65869 | Vaults:4 | Found a huge runed gate.
 65870 | Vaults:4 | Found a huge runed gate.
 65871 | Vaults:4 | Found a huge runed gate.
 65872 | Vaults:4 | Found a huge runed gate.
 65881 | Vaults:4 | Found a huge runed gate.
 65881 | Vaults:4 | Found a huge runed gate.
 66820 | Vaults:4 | Found a huge runed gate.
 66820 | Vaults:4 | Found a huge runed gate.
 66820 | Vaults:4 | Found a huge runed gate.
 66820 | Vaults:4 | Found a huge runed gate.
 66820 | Vaults:4 | Found a huge runed gate.
 66820 | Vaults:4 | Found a huge runed gate.
 66821 | Vaults:4 | Found a huge runed gate.
 66822 | Vaults:4 | Found a huge runed gate.
 66834 | Vaults:4 | Found a huge runed gate.
 66842 | Vaults:4 | Found a huge runed gate.
 66842 | Vaults:4 | Found a huge runed gate.
 66842 | Vaults:4 | Found a huge runed gate.
 66842 | Vaults:4 | Found a huge runed gate.
 66842 | Vaults:4 | Found a huge runed gate.
 66842 | Vaults:4 | Found a huge runed gate.
 66843 | Vaults:4 | Found a huge runed gate.
 66844 | Vaults:4 | Found a huge runed gate.
 66845 | Vaults:4 | Found a huge runed gate.
 66853 | Vaults:4 | Found a huge runed gate.
 66853 | Vaults:4 | Found a huge runed gate.
 66853 | Vaults:4 | Found a huge runed gate.
 66853 | Vaults:4 | Found a huge runed gate.
 66853 | Vaults:4 | Found a huge runed gate.
 66853 | Vaults:4 | Found a huge runed gate.
 66854 | Vaults:4 | Found a huge runed gate.
 66855 | Vaults:4 | Found a huge runed gate.
 67415 | Vaults:4 | Noticed a dread lich
 67431 | Vaults:4 | Killed a dread lich
 67465 | Vaults:4 | Identified the amulet of Twilight {Spirit Stlth+}
 68099 | Crypt:1  | Entered Level 1 of the Crypt
 68160 | Crypt:1  | Identified the +3 robe of the Thistle {Int+3}
 68781 | Crypt:1  | Reached XP level 22. HP: 192/203 MP: 32/32
 68793 | Crypt:1  | Identified the +4 barding "Gemog" {Str+3} (Okawaru gifted
                  | it to you on level 1 of the Crypt)
 68793 | Crypt:1  | Received a gift from Okawaru
 70309 | Crypt:1  | Learned a level 2 spell: Blink
 70336 | Crypt:1  | Reached skill level 1 in Translocations
 70429 | Crypt:1  | Got the Omnibus of Unholy Liturgies
 71053 | Crypt:2  | Found an ancient bone altar of Kikubaaqudgha.
 71074 | Arena    | Entered the Arena
 71109 | Crypt:2  | Reached skill level 5 in Translocations
 71140 | Crypt:2  | Reached skill level 1 in Spellcasting
 72110 | Crypt:2  | Identified the +3 barding of Bedevilment {rC+} (Okawaru
                  | gifted it to you on level 2 of the Crypt)
 72110 | Crypt:2  | Received a gift from Okawaru
 72146 | Crypt:2  | Found a basalt altar of Yredelemnul.
 72399 | Crypt:3  | Entered Level 3 of the Crypt
 72441 | Crypt:2  | Found an ancient bone altar of Kikubaaqudgha.
 72768 | Crypt:3  | Identified a scroll of acquirement
 72769 | Crypt:3  | Acquired a manual of Invocations
 72974 | Crypt:3  | Noticed an ancient lich
 72985 | Crypt:3  | Killed an ancient lich
 72988 | Crypt:3  | Reached skill level 1 in Air Magic
 73035 | Crypt:3  | Learned a level 3 spell: Swiftness
 73120 | Crypt:3  | Found a staircase to the Tomb.
 74106 | Crypt:3  | Identified the +2 helmet of Exclusion {rPois rC+ Str-3}
                  | (Okawaru gifted it to you on level 3 of the Crypt)
 74106 | Crypt:3  | Received a gift from Okawaru
 74114 | Crypt:3  | Reached skill level 5 in Air Magic
 74601 | Crypt:3  | Found an ancient bone altar of Kikubaaqudgha.
 74712 | Crypt:3  | Noticed Jory
 74782 | Crypt:3  | Killed Jory
 74793 | Crypt:3  | Reached XP level 23. HP: 123/209 MP: 33/33
 75750 | Crypt:3  | Learned a level 3 spell: Ozocubu's Armour
 76193 | Elf:1    | Bought a +4 ring of protection for 468 gold pieces
 76564 | Snake:2  | Killed sizableburger's ghost
 77069 | Snake:2  | Acquired the +13 crystal plate armour "Camnacus" {rF- rC+
                  | rN+ Dex+4}
 78052 | Slime:1  | Entered Level 1 of the Pits of Slime
 78503 | Slime:1  | Identified the +1 helmet of Paranoia {*Corrode rElec rPois
                  | Int+3} (Okawaru gifted it to you on level 1 of the Pits of
                  | Slime)
 78503 | Slime:1  | Received a gift from Okawaru
 79301 | Slime:2  | Reached skill level 5 in Spellcasting
 79301 | Slime:2  | Reached skill level 1 in Ice Magic
 81295 | Slime:4  | Reached skill level 5 in Ice Magic
 82030 | Slime:5  | Entered Level 5 of the Pits of Slime
 82507 | Slime:5  | Gained mutation: You are strong-willed. (Will+) [a shining
                  | eye]
 82509 | Slime:5  | Gained mutation: You are clumsy. (Dex -2) [a shining eye]
 82524 | Slime:5  | Received a gift from Okawaru
 82696 | Slime:5  | Paralysed by a floating eye for 3 turns
 82843 | Slime:5  | Lost intelligence.
 82843 | Slime:5  | Gained mutation: You are dopey. (Int -2) [a shining eye]
 82844 | Slime:5  | Gained mutation: Your muscles are strong. (Str +4, Int/Dex
                  | -1) [a shining eye]
 82850 | Slime:4  | Lost mutation: Your muscles are strong. (Str +4, Int/Dex
                  | -1) [potion of mutation]
 82850 | Slime:4  | Lost mutation: You are dopey. (Int -2) [potion of mutation]
 82850 | Slime:4  | Lost mutation: You are strong-willed. (Will+) [potion of
                  | mutation]
 82850 | Slime:4  | Gained mutation: You are frail. (-10% HP) [potion of
                  | mutation]
 82850 | Slime:4  | Gained mutation: You have sharp toenails. [potion of
                  | mutation]
 83175 | Slime:5  | Noticed the Royal Jelly
 83249 | Slime:5  | Found a viscous altar of Jiyva.
 83396 | Slime:5  | Killed the Royal Jelly
 83638 | Slime:5  | Identified the +0 leather armour of the Devil's Team {rElec
                  | Will- MP+9 Slay+6}
 83649 | Slime:5  | Identified the +1 glaive "Paqe" {flame, Int+6 Dex-4}
 83655 | Slime:5  | Learned a level 2 spell: Wereblood
 83670 | Slime:5  | Got a slimy rune of Zot
 83703 | Slime:5  | Identified the +3 glaive of the Unspeakable One {vorpal,
                  | Fragile rC+ Will++}
 83836 | Slime:5  | Identified the +5 chain mail of the Barnacle {Int+2}
                  | (Okawaru gifted it to you on level 5 of the Pits of Slime)
 83836 | Slime:5  | Received a gift from Okawaru
 83837 | Slime:5  | Reached skill level 1 in Transmutations
 84480 | Depths:1 | Entered Level 1 of the Depths
 85213 | Depths:1 | Reached skill level 5 in Transmutations
 85327 | Depths:1 | Reached XP level 24. HP: 169/197 MP: 33/33
 85562 | Depths:1 | Reached skill level 15 in Invocations
 85881 | Depths:1 | Found a radiant altar of Vehumet.
 85932 | Depths:1 | Found Huuzijir's Serpentskin Sales.
 86243 | Depths:1 | Found a gateway to Hell.
 87828 | Depths:2 | Found Hafen's Antique Armour Shoppe.
 89598 | Depths:2 | Identified the -1 barding of Disguise {Harm MP+9 Int+8}
                  | (Okawaru gifted it to you on level 2 of the Depths)
 89598 | Depths:2 | Received a gift from Okawaru
 89649 | Depths:2 | Found a one-way gate leading to the halls of Pandemonium.
 90466 | Depths:2 | Reached skill level 10 in Dodging
 90601 | Depths:2 | Found a runed translucent door.
 90616 | Depths:2 | Noticed a juggernaut
 90867 | Depths:2 | Found a runed translucent door.
 91253 | Depths:2 | Noticed a juggernaut
 91256 | Depths:2 | Identified the +8 battleaxe of Gehenna {vorpal, rC- Int+4
                  | Stlth+}
 91303 | Depths:2 | Killed a juggernaut
 91344 | Depths:2 | Found a one-way gate leading to the halls of Pandemonium.
 91357 | Depths:2 | Found Hafen's Antique Armour Shoppe.
 91787 | Depths:2 | Found a runed translucent door.
 92025 | Depths:2 | Killed a juggernaut
 92493 | Depths:2 | Identified the +1 chain mail of the Old and Reckless {Will-
                  | Str+7}
 92983 | Depths:3 | Found a one-way gateway to a ziggurat.
 92987 | Abyss:3  | Cast into level 3 of the Abyss (hell knight)
 92996 | Depths:3 | Escaped the Abyss
 93375 | Depths:3 | Paralysed by a floating eye for 3 turns
 93379 | Depths:3 | Paralysed by a floating eye for 4 turns
 93397 | Depths:3 | Paralysed by a floating eye for 3 turns
 93566 | Depths:3 | Received a gift from Okawaru
 93618 | Depths:3 | Paralysed by a floating eye for 3 turns
 93624 | Depths:3 | Paralysed by a floating eye for 2 turns
 93629 | Depths:3 | Paralysed by a floating eye for 2 turns
 94177 | Depths:3 | Found a one-way gate to the infinite horrors of the Abyss.
 94187 | Depths:3 | Got the Anthology of Intoxication and Striking
 94221 | Depths:3 | Identified the +12 chain mail of the Jolly Mystics {Harm
                  | *Corrode rN+ Int+2} (Okawaru gifted it to you on level 3 of
                  | the Depths)
 94221 | Depths:3 | Received a gift from Okawaru
 94231 | Depths:3 | Identified the +10 demon trident "Demonslayer" {flame,
                  | Stlth+}
 94547 | Depths:3 | Found a white marble altar of Elyvilon.
 94884 | Depths:3 | Identified the +1 short sword of Wealth {vorpal, Will+
                  | Dex+3}
 95148 | Depths:3 | Paralysed by a floating eye for 4 turns
 95261 | Depths:4 | Entered Level 4 of the Depths
 95532 | Depths:3 | Paralysed by a floating eye for 4 turns
 95542 | Depths:3 | Paralysed by a floating eye for 4 turns
 95550 | Depths:3 | Paralysed by a floating eye for 2 turns
 95555 | Depths:3 | Paralysed by a floating eye for 2 turns
 95575 | Depths:4 | Reached XP level 25. HP: 203/205 MP: 34/34
 96184 | Depths:4 | Found Wouck's Book Shop.
 96578 | Depths:4 | Found a sparkling altar of Nemelex Xobeh.
 96594 | Depths:4 | Reached skill level 21 in Fighting
 97068 | Depths:4 | Found a gate to the Realm of Zot.
 97449 | Vaults:5 | Entered Level 5 of the Vaults
 97463 | Vaults:4 | Reached skill level 22 in Fighting
 97683 | Vaults:5 | Noticed a dread lich
 97747 | Vaults:5 | Reached skill level 23 in Fighting
 97819 | Vaults:5 | Identified the +2 whip "Heguacil" {vamp, Fragile Will+
                  | Str+4 Dex+4}
 97997 | Vaults:5 | Identified the +2 robe of the Swan {rC++}
 98260 | Vaults:5 | Identified the +5 scale mail of the Six Gazing Tusks {rElec
                  | rN++}
 98275 | Vaults:5 | Identified the ring of the Salamander {Fly rPois Will- MP+9
                  | Dex+4}
 98284 | Vaults:5 | Identified the +0 barding of Tenacity {rElec Str+3}
                  | (Okawaru gifted it to you on level 5 of the Vaults)
 98284 | Vaults:5 | Received a gift from Okawaru
 98734 | Vaults:5 | Killed a dread lich
 98933 | Vaults:5 | Identified the +1 ring mail of Paitrou {rElec Regen+ Int+4
                  | Dex-4}
 99292 | Vaults:5 | Identified the +10 whip "Weop" {venom, rC+ Will+ rCorr
                  | Dex+2}
 99299 | Vaults:5 | Reached skill level 15 in Evocations
 99317 | Vaults:5 | Got a silver rune of Zot
 99416 | Vaults:5 | Identified the +6 arbalest of Cheibriados's Pride {elec,
                  | Str+3}
100335 | Orc:2    | Bought a scroll of teleportation for 42 gold pieces
100335 | Orc:2    | Bought a scroll of blinking for 105 gold pieces
100336 | Orc:2    | Bought a scroll of teleportation for 45 gold pieces
100339 | Orc:2    | Bought a scroll of blinking for 127 gold pieces
100339 | Orc:2    | Bought a scroll of teleportation for 51 gold pieces
100676 | Zot:1    | Entered Level 1 of the Realm of Zot
101006 | Depths:4 | Reached XP level 26. HP: 200/219 MP: 34/34
101204 | Zot:1    | Found a transporter.
101210 | Zot:1    | Found a transporter.
101259 | Zot:1    | Found a transporter.
101445 | Zot:1    | Noticed Parghit
101462 | Zot:1    | Killed Parghit
101574 | Zot:1    | Found a runed translucent gate.
101574 | Zot:1    | Found a runed translucent gate.
101574 | Zot:1    | Found a runed translucent gate.
101577 | Zot:1    | Noticed reasonance's ghost (legendary DsFi)
101590 | Zot:1    | Identified the +2 robe of the Yeti {Will+ rCorr}
101715 | Zot:1    | Found a transporter.
102341 | Orc:2    | Bought a scroll of enchant armour for 127 gold pieces
102929 | Zot:2    | Identified the +1 robe "Eriaz" {Str+5} (Okawaru gifted it
                  | to you on level 2 of the Realm of Zot)
102929 | Zot:2    | Received a gift from Okawaru
102930 | Zot:2    | Reached skill level 24 in Fighting
104794 | Zot:4    | Reached skill level 25 in Fighting
105545 | Zot:4    | Received a gift from Okawaru
105676 | Zot:4    | Noticed an orb of fire
105689 | Zot:4    | Gained mutation: Your spells are a little easier to cast,
                  | but a little less powerful. [an orb of fire]
105694 | Zot:4    | Gained mutation: Your body sometimes deteriorates upon
                  | taking damage. [an orb of fire]
105697 | Zot:4    | Gained mutation: Your flesh is heat resistant. (rF+) [an
                  | orb of fire]
105707 | Zot:4    | Killed an orb of fire
106220 | Zot:5    | Entered Level 5 of the Realm of Zot
106245 | Zot:4    | Reached skill level 26 in Fighting
106295 | Zot:5    | Noticed an orb of fire
106312 | Zot:5    | Killed an orb of fire
106354 | Zot:5    | Identified the +9 morningstar of Juebasui {vamp, rC+ rN+}
106437 | Zot:5    | Got Woint's Catalogue of Pestilence and Frostbite
106778 | Zot:5    | Noticed an orb of fire
106780 | Zot:5    | Noticed an orb of fire
106784 | Zot:5    | Noticed an orb of fire
106788 | Zot:5    | Noticed an orb of fire
106792 | Zot:5    | Noticed an orb of fire
106792 | Zot:5    | Noticed an orb of fire
106796 | Zot:5    | Gained mutation: You are weak. (Str -2) [an orb of fire]
106797 | Zot:5    | Noticed an orb of fire
106798 | Zot:5    | Noticed an orb of fire
106804 | Zot:5    | Gained mutation: Your magical capacity is low. (-10% MP)
                  | [an orb of fire]
106808 | Zot:5    | Gained mutation: You occasionally lose the ability to read
                  | scrolls when taking damage. [an orb of fire]
106815 | Zot:5    | Killed an orb of fire
107141 | Zot:5    | Lost mutation: You are frail. (-10% HP) [potion of
                  | mutation]
107141 | Zot:5    | Lost mutation: You have sharp toenails. [potion of
                  | mutation]
107141 | Zot:5    | Gained mutation: You have a pair of small horns on your
                  | head. [potion of mutation]
107141 | Zot:5    | Gained mutation: Your flesh is cold resistant. (rC+)
                  | [potion of mutation]
107141 | Zot:5    | Gained mutation: You have a somewhat thin skeletal
                  | structure. (Dex +2, Stealth+) [potion of mutation]
107142 | Zot:5    | Lost mutation: You occasionally lose the ability to read
                  | scrolls when taking damage. [potion of mutation]
107142 | Zot:5    | Lost mutation: You are clumsy. (Dex -2) [potion of
                  | mutation]
107142 | Zot:5    | Lost mutation: Your flesh is cold resistant. (rC+) [potion
                  | of mutation]
107142 | Zot:5    | Gained mutation: You are dopey. (Int -2) [potion of
                  | mutation]
107339 | Zot:5    | Noticed a dread lich
107362 | Zot:4    | Killed a dread lich
107469 | Zot:5    | Gained mutation: You are frail. (-10% HP) [an orb of fire]
107473 | Zot:5    | Gained mutation: You occasionally lose the ability to drink
                  | potions when taking damage. [an orb of fire]
107484 | Zot:5    | Killed an orb of fire
107507 | Zot:5    | Gained mutation: Your body often deteriorates upon taking
                  | damage. [an orb of fire]
107513 | Zot:5    | Killed an orb of fire
107514 | Zot:5    | Reached XP level 27. HP: 206/239 MP: 29/30
107519 | Zot:5    | Killed an orb of fire
107539 | Zot:5    | Killed an orb of fire
107540 | Zot:5    | Reached skill level 27 in Fighting
108448 | Zot:5    | Noticed a dread lich
108471 | Zot:5    | Killed an orb of fire
108471 | Zot:5    | Received a gift from Okawaru
108482 | Zot:5    | Killed a dread lich
108963 | Zot:5    | Gained mutation: You do not regenerate when monsters are
                  | visible. [an orb of fire]
108974 | Zot:5    | Gained mutation: You sometimes lose your temper in combat.
                  | [an orb of fire]
108980 | Zot:5    | Killed an orb of fire
108991 | Zot:5    | Killed an orb of fire
109425 | Zot:4    | Lost mutation: You are frail. (-10% HP) [potion of
                  | mutation]
109425 | Zot:4    | Lost mutation: You do not regenerate when monsters are
                  | visible. [potion of mutation]
109425 | Zot:4    | Lost mutation: Your flesh is heat resistant. (rF+) [potion
                  | of mutation]
109426 | Zot:4    | Lost mutation: You have a somewhat thin skeletal structure.
                  | (Dex +2, Stealth+) [potion of mutation]
109426 | Zot:4    | Lost mutation: You are dopey. (Int -2) [potion of mutation]
109426 | Zot:4    | Lost mutation: Your spells are a little easier to cast, but
                  | a little less powerful. [potion of mutation]
109426 | Zot:4    | Gained mutation: You are partially covered in large bone
                  | plates. (SH +4) [potion of mutation]
109427 | Zot:4    | Lost mutation: Your magical capacity is low. (-10% MP)
                  | [potion of mutation]
109427 | Zot:4    | Lost mutation: You occasionally lose the ability to drink
                  | potions when taking damage. [potion of mutation]
109427 | Zot:4    | Lost mutation: You have a pair of small horns on your head.
                  | [potion of mutation]
109427 | Zot:4    | Gained mutation: You have an uncontrollable temper. [potion
                  | of mutation]
109428 | Zot:4    | Lost mutation: Your body often deteriorates upon taking
                  | damage. [potion of mutation]
109428 | Zot:4    | Lost mutation: You are partially covered in large bone
                  | plates. (SH +4) [potion of mutation]
109428 | Zot:4    | Gained mutation: You have an increased reservoir of magic.
                  | (+10% MP) [potion of mutation]
109428 | Zot:4    | Gained mutation: You are clumsy. (Dex -2) [potion of
                  | mutation]
109428 | Zot:4    | Lost mutation: You are weak. (Str -2) [potion of mutation]
109429 | Zot:4    | Lost mutation: Your body sometimes deteriorates upon taking
                  | damage. [potion of mutation]
109429 | Zot:4    | Lost mutation: You are clumsy. (Dex -2) [potion of
                  | mutation]
109429 | Zot:4    | Gained mutation: Your spells are a little harder to cast,
                  | but a little more powerful. [potion of mutation]
109430 | Zot:4    | Lost mutation: You have an uncontrollable temper. [potion
                  | of mutation]
109430 | Zot:4    | Lost mutation: Your spells are a little harder to cast, but
                  | a little more powerful. [potion of mutation]
109430 | Zot:4    | Gained mutation: Your spells are a little easier to cast,
                  | but a little less powerful. [potion of mutation]
109430 | Zot:4    | Gained mutation: You are agile. (Dex +4, Str/Int -1)
                  | [potion of mutation]
109430 | Zot:4    | Gained mutation: You are frail. (-10% HP) [potion of
                  | mutation]
109480 | Zot:5    | Identified the +0 chain mail of Repulsion {rPois rC+ Regen+
                  | SInv} (Okawaru gifted it to you on level 5 of the Realm of
                  | Zot)
109480 | Zot:5    | Received a gift from Okawaru
110058 | Zot:5    | Gained mutation: You have sharp toenails. [mutagenic glow]
110070 | Zot:5    | Lost mutation: You are agile. (Dex +4, Str/Int -1)
                  | [mutagenic glow]
110088 | Zot:5    | Gained mutation: Your body sometimes deteriorates upon
                  | taking damage. [mutagenic glow]
110099 | Zot:5    | Lost mutation: You have an increased reservoir of magic.
                  | (+10% MP) [mutagenic glow]
110152 | Zot:5    | Lost mutation: Your body sometimes deteriorates upon taking
                  | damage. [potion of mutation]
110152 | Zot:5    | Lost mutation: Your spells are a little easier to cast, but
                  | a little less powerful. [potion of mutation]
110152 | Zot:5    | Gained mutation: You are clumsy. (Dex -2) [potion of
                  | mutation]
110153 | Zot:5    | Lost mutation: You are frail. (-10% HP) [potion of
                  | mutation]
110153 | Zot:5    | Lost mutation: You have sharp toenails. [potion of
                  | mutation]
110153 | Zot:5    | Lost mutation: You are clumsy. (Dex -2) [potion of
                  | mutation]
110153 | Zot:5    | Gained mutation: You are dopey. (Int -2) [potion of
                  | mutation]
110153 | Zot:5    | Gained mutation: Your movements are slightly less
                  | encumbered by armour. (ER -2) [potion of mutation]
110199 | Zot:5    | Got the Orb of Zot
110315 | Zot:4    | Reached skill level 20 in Shields
110316 | Zot:4    | Noticed Pesm the pandemonium lord
110967 | D:6      | Gained mutation: You occasionally lose the ability to read
                  | scrolls when taking damage. [a cacodemon]
111024 | D:4      | Noticed Tumym the pandemonium lord
111102 | D:$      | Escaped with the Orb!

Illustrated notes

Levels and vault maps discovered:
D:1:      minmay_arrival_arboretum_small, layout_loops_cross,
          minmay_gold_behind_fungi
D:2:      layout_basic, uniq_crazy_yiuf_cottage, uniq_robin
D:3:      layout_basic, mainiacjoe_overflow_cross_hatched,
          ebering_ecumenical_altar_ruins, nicolae_kite_square_tiling_tiny,
          minmay_ruptured
D:4:      layout_cave_pods, mainiacjoe_overflow_large_starburst,
          minmay_temple_entry_trees, grunt_ministairs_3, minivault_1,
          kennysheep_potato, uniq_natasha
D:5:      layout_basic, nzn_wu_jian_contemplation, serial_glass,
          glass_columns_b, glass_columns_a, glass_columns_c, glass_columns_a,
          due_unseen_surprise, minmay_strange_pillars,
          chequers_serial_rivers_small_a, eino_small_chamber_without_monster,
          hangedman_feature_mirror
D:6:      layout_basic
D:7:      layout_gridville, nicolae_titane
D:8:      layout_basic, erik_lair_orcish_takeover, serial_co_window_serial,
          co_window_of_opportunity_a, co_window_of_opportunity_a,
          co_window_of_opportunity_a, co_window_corner_a, co_window_corner_a,
          co_window_corner_b, co_window_broadway_b, co_window_broadway_a,
          co_window_corner_cb, glass_columns_b, glass_columns_b,
          glass_columns_b, grunt_decor_fettered, grunt_ministairs_15,
          uniq_erica, uniq_pikel, uniq_maggie, uniq_maurice
D:9:      layout_roguey, kennysheep_diamond, nicolae_diode_intersection
D:10:     layout_irregular_city, mainiacjoe_overflow_divided_tiny,
          nicolae_trove_entry_crossroad, lightli_orcish_oven
D:11:     layout_loops_ring, orc_0_dummy, amcnicky_mini_rare_corridor_liquid,
          uniq_snorg, uniq_sonja, uniq_nergalle
D:12:     layout_basic, nicolae_shop_overcharged_wands, uniq_rupert
D:13:     layout_cave_pods, kennysheep_pointless_box
D:14:     layout_basic, david_vaults_5
D:15:     grunt_enter_depths_magical_seal, layout_loops_ring, serial_glass,
          glass_columns_a, glass_columns_a
Temple:   minmay_temple_bridge_d
Lair:1:   layout_regular_city, lemuel_fruit_tree, lemuel_fruit_fields,
          serial_bayou_shore_a, grunt_megastairs_2
Lair:2:   layout_small_grid, minmay_shoals_entry_hut, uniq_harold
Lair:3:   layout_big_grid, dummy_snake_entry, lemuel_fruit_fields,
          grunt_megastairs_1, uniq_fannar
Lair:4:   layout_hall_layers, basic_altar, serial_bayou_crossing
Lair:5:   hangedman_lair_in_review, layout_hall_layers,
          hangedman_lair_caniforms_friends, slime_entry_1, portal_ice_cave_rime
Shoals:1: layout_shoals
Shoals:2: layout_shoals, serial_shops, nicolae_shop_window_shopping
Shoals:3: layout_shoals, gammafunk_ghost_berserking_beasts
Shoals:4: shoals_end_simple, layout_shoals
Snake:1:  layout_rooms, basic_altar, special_room, uniq_aizul
Snake:2:  layout_misc_corridors, gammafunk_ghost_wrathful_warriors
Snake:3:  layout_rooms, nicolae_snake_gridmaze_big_u, minmay_shop_star,
          uniq_kirke, uniq_asterion
Snake:4:  minmay_snake_end_coiled, layout_basic, uniq_vashnia, uniq_mara
Slime:1:  layout_caves, nicolae_slime_phagocytosis
Slime:2:  layout_caves
Slime:3:  layout_caves, nicolae_slime_welcoming_committee
Slime:4:  layout_caves
Slime:5
Orc:1:    layout_caves
Orc:2:    grunt_orc_tribal_feast, layout_diamond_mine, statue_in_the_mist_lemuel
Elf:1:    nicolae_elf_arrival_no_cutting_in_line, layout_loops_corners,
          hangedman_elven_crosses_minicolossus, hangedman_elf_simple_split,
          minmay_strange_pillars, minmay_shop_grove
Elf:2:    elven_hall_of_blades_hangedman_alternative
          [nicolae_blade_entry_sentries_behind_glass], layout_rooms,
          serial_shops, shop, nicolae_fountain_basement
Elf:3:    elf_hall, layout_geoelf_castle
Vaults:1: nzn_ghost_randoct, v_alt_pattern_2, nicolae_vaults_asterisk,
          vaults_dpeg_ring, vaults_room_fours, hangedman_vaults_stitches,
          layout_vaults_omnigrid
Vaults:2: v_misc_31, v_misc_15, vaults_mumra_chevron, vaults_mumra_lcd,
          v_misc_27, nicolae_vaults_know_your_exits, v_pattern_1,
          v_alt_pattern_6, vaults_standard_mumra_x, v_alt_pattern_5,
          vaults_room_semicircle, layout_vaults_ring
Vaults:3: nicolae_vaults_branching_niches, hangedman_vaults_cutoff,
          nicolae_vaults_little_ls, v_misc_15, nicolae_vaults_network_s,
          nicolae_vaults_stairing_the_circle, v_misc_2, vaults_room_door_ring,
          hangedman_vaults_maws, grunt_vaults_bifocal,
          ontoclasm_vaults_misaligned, nicolae_vaults_alarming,
          vaults_dpeg_doors, minmay_crypt_entry_nasty_monster, v_misc_24,
          nicolae_vaults_little_squares_3, nicolae_vaults_circle_grid_b,
          layout_vaults_omnibox, serial_shops, shop
Vaults:4: nicolae_vaults_big_angled_halls, v_alt_pattern_3, door_vault,
          dpeg_vaults_monster_box, nicolae_vaults_angled_halls, v_misc_3,
          grunt_vaults_diagonal, vaults_dpeg_cross,
          nicolae_vaults_border_crossing, vaults_dpeg_hooks,
          ontoclasm_vaults_pinch, layout_vaults_big_room
Vaults:5
Crypt:1:  layout_misc_corridors, special_room [special_room_morgue]
Crypt:2:  layout_gridlike, hangedman_feature_mirror, st_vampire_maze,
          lemuel_upstairs_altar, grunt_megastairs_3, lemuel_elevator
Crypt:3:  church_of_pain_bobbens, layout_chaotic_city, small_statue_intersection
Depths:1: layout_basic, pf_dread_powers_of_hell, nicolae_vehumet_radiance,
          guppyfry_shop_venom
Depths:2: minmay_expanding_circles, layout_basic,
          chequers_serial_rivers_large_a, lightli_too_deep,
          rand_demon_pan_entry_3, serial_shops, nicolae_shop_hallway_stairs,
          amcnicky_mini_pool_small
Depths:3: minmay_the_grid_octo_triangle [minmay_the_grid_octo_teeth,
          minmay_the_grid_octo_prize_star, minmay_the_grid_octo_clover],
          layout_basic, enter_ziggurat_d, nicolae_elyvilon_peaceful_grove,
          hell_entry, abyss_entry_glasseish, kennysheep_underground_church
Depths:4: grunt_zot_entry_hairpin, layout_gridville,
          nemelex_xobeh_ov_fountains_minmay, serial_shops,
          nicolae_shop_statue_plus, hell_entry, chequers_serial_rivers_micro_a,
          hex_medium, hangedman_decor_push, minmay_misc_feat_tower
Zot:1:    layout_onion_interference, gammafunk_ghost_ooze,
          nicolae_transporter_intersection, uniq_parghit
Zot:2:    layout_gridville
Zot:3:    layout_cathedral_of_symmetry
Zot:4:    kennysheep_six_static_rooms, layout_gridlike
Zot:5:    layout_basic

Skill      XL: |  1  2  3  4  5  6  7  8  9 10 11 12 13 14 15 16 17 18 19 20 21 22 23 24 25 26 27 |
---------------+----------------------------------------------------------------------------------+-----
Axes           | 3 4 5 6 7 9 11 14 16 18 | 18.0
Invocations    | 3 7 8 10 11 12 14 15 | 15.0
Armour         | 3 5 7 8 9 11 12 13 14 15 16 17 | 17.0
Shields        | 3 5 10 11 13 14 16 17 18 20 | 20.3
Fighting       | 6 7 9 10 11 13 15 17 18 20 23 26 27 | 27.0
Evocations     | 4 5 8 10 12 15 | 15.0
Dodging        | 4 5 8 10 | 10.4
Translocations | 8 |  8.0
Spellcasting   | 2 5 |  5.0
Air Magic      | 7 9 |  9.0
Ice Magic      | 8 |  8.5
Transmutations | 5 8 |  8.0

Action                   |  1- 3 |  4- 6 |  7- 9 | 10-12 | 13-15 | 16-18 | 19-21 | 22-24 | 25-27 || total
-------------------------+-------+-------+-------+-------+-------+-------+-------+-------+-------++-------
Melee: War axe           |    96 |   131 |   318 |   604 |   500 |       |       |       |       ||  1649
       Tailslap          |     7 |    12 |    44 |    97 |   207 |   208 |   276 |   581 |   464 ||  1896
       Broad axe         |       |       |       |       |   669 |  1301 |  1306 |  2266 |  1880 ||  7422
       Headbutt          |       |       |       |       |       |       |       |       |    80 ||    80
 Fire: Hand crossbow     |       |       |       |       |     5 |       |       |       |       ||     5
 Cast: Ozocubu's Armour  |       |       |       |       |       |       |       |     5 |       ||     5
       Wereblood         |       |       |       |       |       |       |       |    38 |    18 ||    56
       Swiftness         |       |       |       |       |       |       |       |     1 |       ||     1
Invok: Heroism           |       |     1 |     3 |     6 |     2 |     4 |     3 |     4 |     8 ||    31
       Finesse           |       |       |       |       |     2 |     3 |     3 |     4 |     8 ||    20
       Duel              |       |       |       |       |       |       |       |     1 |       ||     1
 Abil: Rolling Charge    |    20 |    26 |    49 |    69 |   134 |   239 |   144 |   167 |   131 ||   979
Evoke: Wand              |       |       |     3 |       |     1 |       |       |       |     3 ||     7
       Lightning rod     |       |       |       |       |       |       |       |     4 |       ||     4
  Use: Scroll            |       |     4 |     6 |     5 |    11 |     7 |     5 |    12 |    22 ||    72
       Potion            |       |       |     3 |       |       |     4 |     2 |     4 |    22 ||    35
 Stab: Distracted        |       |       |       |       |       |     1 |       |       |       ||     1
       Sleeping          |       |       |       |       |       |       |     1 |       |       ||     1
Armor: Scale mail        |    45 |    11 |       |    48 |   465 |   435 |   520 |   908 |   488 ||  2920
       Chain mail        |       |    60 |   177 |   151 |       |       |       |       |       ||   388
       Steam dragon scal |       |       |       |    43 |       |       |       |       |       ||    43
       Gold dragon scale |       |       |       |       |       |       |       |       |   683 ||   683
Dodge: Dodged            |    26 |    25 |    67 |    95 |   136 |   175 |   213 |   382 |   332 ||  1451
       Repelled          |       |       |       |       |       |       |       |       |    15 ||    15
Block: Buckler           |    13 |    21 |    50 |    52 |       |       |       |       |       ||   136
       Kite shield       |       |       |       |   154 |   845 |   867 |   863 |  1491 |  1491 ||  5711
       Reflection        |       |       |       |       |       |       |       |       |     3 ||     3
